 Dungeon Crawl Stone Soup version 0.21.1-1-g345015fe64 (webtiles) character file.

123 Jerry the Shield-Bearer (level 5, -9/42 HPs)
             Began as a Formicid Fighter on Feb 23, 2018.
             Killed by divine providence
             ... invoked by an orc priest
              (13 damage)
             ... on level 2 of the Dungeon.
             The game lasted 00:05:45 (2300 turns).

Jerry the Shield-Bearer (Formicid Fighter)          Turns: 2300, Time: 00:05:46

Health: -9/42      AC:  8    Str: 21    XL:     5   Next: 29%
Magic:  5/5        EV:  9    Int:  8    God:
Gold:   45         SH:  0    Dex: 10    Spells: 4/4 levels left

rFire    . . .     SeeInvis +   o - +0 hand axe (freeze)
rCold    . . .     Gourm    .   (no shield)
rNeg     . . .     Faith    .   b - +1 scale mail
rPois    .         Spirit   .   (helmet unavailable)
rElec    .         Reflect  .   (no cloak)
rCorr    .         Harm     .   (no gloves)
MR       .....                  (no boots)
Stlth    ..........             (no amulet)
HPRegen  0.14/turn              (no ring)
MPRegen  0.09/turn              (no ring)

@: no status effects
A: permanent stasis, dig shafts and tunnels, four strong arms, antennae 3
a: Dig, Shaft Self


You were on level 2 of the Dungeon.
You were not hungry.

You visited 1 branch of the dungeon, and saw 3 of its levels.

You collected 45 gold pieces.

Inventory:

Hand Weapons
 a - a +0 war axe
 o - a +0 hand axe of freezing (weapon)
Armour
 b - a +1 scale mail (worn)
 c - a +0 shield
Jewellery
 l - an uncursed amulet of the gourmand {unknown}
Scrolls
 k - a scroll of fear {unknown}
 m - 3 scrolls of identify {unknown}
Potions
 d - a potion of might
 e - a potion of curing {unknown}
 h - 2 potions of berserk rage {unknown}
 i - a potion of flight {unknown}
 j - a potion of degeneration {unknown}
 n - a potion of ambrosia {unknown}
Comestibles
 f - 3 rations


   Skills:
 + Level 4.2 Fighting
 + Level 3.0 Axes
 + Level 4.1 Armour
 + Level 4.6 Shields


You had 4 spell levels left.
You didn't know any spells.

Dungeon Overview and Level Annotations

Branches:
Dungeon (3/15)

Altars:
Trog


Innate Abilities, Weirdness & Mutations

You cannot be hasted, slowed, berserked, paralysed or teleported.
You can dig through walls and to a lower floor.
Your four strong arms can wield two-handed weapons with a shield.
You have a pair of large antennae on your head. (SInv)


Message History

Your scale mail prevents you from hitting the orc.
The orc priest hits you with a trident.
* * * LOW HITPOINT WARNING * * *
The orc barely misses you.
Your scale mail prevents you from hitting the orc priest.
The orc priest is almost dead.
You slash the orc! You freeze the orc.
You kill the orc!
The orc priest hits you with a trident.
* * * LOW HITPOINT WARNING * * *
You hit the orc priest but do no damage.
The orc priest is almost dead.
The orc priest misses you.
You completely miss the orc priest.
The orc priest is almost dead.
The orc priest hits you with a trident.
* * * LOW HITPOINT WARNING * * *
The orc priest invokes the aid of Beogh against you.
Beogh smites you!
You die...

#.#.....##.# ###...#.##
#.#.######.######.........
#.#.######......#.#...#.##
#.#....##.#.....#.##.##.#
#.###....##.....#.##.##.##
#(# #..##.#....)#.##.##...
#.# #..###.........#.##.##
#.###..###)######..#.##.#
#.......o@.##...........#
#####..###.##.###..#.##.#
###...# #.##.# #.......##
#...#.# #.##.# #.........
#.#...###.##.#####..#.###
#.###.....#.........#.#
#.# #........#####.##.#
#.# ##.#####...# #.##.#
#.# #.# ###.# #.##.#


You could see an orc priest.

Vanquished Creatures
  4 adders (D:2)
  An ooze (D:2)
  A worm (D:2)
  A dart slug (D:2)
  2 leopard geckos
  2 orcs (D:2)
  A ball python (D:3)
  5 giant cockroaches
  8 goblins
  5 hobgoblins
  10 jackals
  2 quokkas (D:2)
  10 bats
  6 frilled lizards
  6 kobolds
  6 rats
70 creatures vanquished.

Notes
Turn   | Place    | Note
-------+----------+-------------------------------------------
     0 | D:1      | Jerry the Formicid Fighter began the quest for the Orb.
     0 | D:1      | Reached XP level 1. HP: 18/18 MP: 1/1
    25 | D:1      | Reached XP level 2. HP: 12/24 MP: 2/2
   396 | D:1      | Reached XP level 3. HP: 26/29 MP: 3/3
   935 | D:2      | Reached XP level 4. HP: 37/37 MP: 4/4
  1004 | D:2      | Found a bloodstained altar of Trog.
  1675 | D:2      | Reached XP level 5. HP: 29/42 MP: 5/5
  2300 | D:2      | Killed from afar by an orc priest

Skill      XL: |  1  2  3  4  5 |
---------------+----------------+-----
Shields        | 4 |  4.6
Fighting       | 4 |  4.2
Armour         | 4 |  4.1
Axes           | 3 |  3.0

Action                   |  1- 3 |  4- 6 || total
-------------------------+-------+-------++-------
Melee: War axe           |   126 |   102 ||   228
       Hand axe          |       |    18 ||    18
  Use: Scroll            |     3 |       ||     3
  Eat: Chunk             |       |     5 ||     5
Armor: Scale mail        |    99 |    79 ||   178
Dodge: Dodged            |    91 |    76 ||   167
